 Dungeon Crawl Stone Soup version 0.28-a0-197-g74814aa22a (console) character file.

Game seed: 1795402667126917659

32 FIQ the Firebug (level 3, -4/24 HPs)
             Began as a Demonspawn Fire Elementalist on Aug 19, 2021.
             Was a Follower of Sif Muna.
             Slain by a gnoll (12 damage)
             ... on level 1 of the Dungeon.
             The game lasted 00:05:30 (2381 turns).

FIQ the Firebug (Demonspawn Fire Elementalist)      Turns: 2381, Time: 00:05:30

Health: -4/24      AC:  2    Str:  8    XL:     3   Next: 8%
Magic:  6/6        EV: 14    Int: 17    God:    Sif Muna [*.....]
Gold:   25         SH:  0    Dex: 13    Spells: 5/6 levels left

rFire   . . .      SeeInvis .   (no weapon)
rCold   . . .      Faith    .   (no shield)
rNeg    . . .      Spirit   .   a - +0 robe
rPois   .          Reflect  .   (no helmet)
rElec   .          Harm     .   (no cloak)
rCorr   .          Rampage  .   (no gloves)
Will    .....                   (no boots)
Stlth   ++........              (no amulet)
HPRegen 0.08/turn               (no ring)
MPRegen 0.10/turn               (no ring)

@: no status effects
A: talons 1, repulsion field 1
a: Renounce Religion, Channel Magic


You were on level 1 of the Dungeon.
You worshipped Sif Muna.
Sif Muna was aware of your devotion.
You visited 1 branch of the dungeon, and saw 2 of its levels.

You collected 25 gold pieces.

Inventory:

Armour
 a - a +0 robe (worn)
Scrolls
 b - a scroll of acquirement {unknown}
 c - a scroll of blinking {unknown}
 d - a scroll of teleportation {unknown}


   Skills:
 + Level 2.1 Dodging
 - Level 1.7 Stealth
 + Level 2.3 Spellcasting
 + Level 1.6 Conjurations
 + Level 3.0 Fire Magic
 + Level 0.7 Invocations


You had 5 spell levels left.
You knew the following spells:

 Your Spells              Type           Power      Damage    Failure   Level
a - Foxfire               Conj/Fire      36%        2x1d5     7%          1

Your spell library contained the following spells:

 Spells                   Type           Power      Damage    Failure   Level
 Conjure Flame            Conj/Fire      9%         6-21      22%         3
 Inner Flame              Hex/Fire       7%         N/A       30%         3
 Ozocubu's Armour         Ice            1%         N/A       50%         3
 Sticky Flame             Conj/Fire      9%         2d3       56%         4
 Fireball                 Conj/Fire      4%         3d4       89%         5
 Ozocubu's Refrigeration  Ice            0%         4d5       100%        7


Dungeon Overview and Level Annotations

Branches:
Dungeon (2/15)

Altars:
Sif Muna


Innate Abilities, Weirdness & Mutations

You have sharp toenails.
You are surrounded by a mild repulsion field. (EV +2)


Message History

Casting: Foxfire (safe; 7% risk of failure)
Confirm with . or Enter, or press ? or * to list all spells.
You conjure some foxfire!
The gnoll hits you with a +0 flail of protection.
The foxfire hits the gnoll but does no damage.
The gnoll is heavily wounded.
The foxfire hits the gnoll but does no damage.
The gnoll is heavily wounded.
Press: ? - help, v - describe, . - travel
Here: a gnoll, wielding a +0 flail of protection (heavily wounded)
The floor, spattered with blood.
Unknown command.
Casting: Foxfire (safe; 7% risk of failure)
Confirm with . or Enter, or press ? or * to list all spells.
You conjure some foxfire!
The gnoll closely misses you.
Casting: Foxfire (safe; 7% risk of failure)
Confirm with . or Enter, or press ? or * to list all spells.
You conjure some foxfire!
The foxfire hits the gnoll but does no damage.
The gnoll is heavily wounded.
The foxfire hits the gnoll.
The gnoll is severely wounded.
The gnoll hits you with a +0 flail of protection!
The foxfire hits the gnoll but does no damage.
The gnoll is severely wounded.
The foxfire hits the gnoll.
The gnoll is severely wounded.
Casting: Foxfire (safe; 7% risk of failure)
Confirm with . or Enter, or press ? or * to list all spells.
You conjure some foxfire!
The foxfire hits the gnoll but does no damage.
The gnoll is severely wounded.
The foxfire hits the gnoll.
The gnoll is severely wounded.
The gnoll hits you with a +0 flail of protection!
Ouch! That really hurt!
* * * LOW HITPOINT WARNING * * *
The gnoll hits you with a +0 flail of protection!
Ouch! That really hurt!
You die...

.......# .....#.###
..##.#.#.# ..##.#.#.#
.........#########
.................##########
.###.#.#.#.#####.#........#
.#.#.#.#.#.#####.##.####.##
.#.#.#.#.#......@g........#
.#..............###.#######
....................#
............P.....#.#
.#..##.#..P.........#
.#..##.#......###...#
.#..##.#.♣≈♣..P##...#
.#..##.#..≈♣≈..P#...#
##..##..P≈≈≈♣≈..#...#


You could see a gnoll.

Vanquished Creatures
  A gnoll (D:2)
  A dart slug (D:1)
  5 ball pythons (D:1)
  An endoplasm (D:1)
  A giant cockroach (D:1)
  A goblin (D:1)
  A hobgoblin (D:1)
  A quokka (D:1)
  2 bats (D:1)
  A frilled lizard (D:1)
  A kobold (D:1)
  2 rats (D:1)
18 creatures vanquished.

Vanquished Creatures (others)
  94 foxfires
94 creatures vanquished.

Grand Total: 112 creatures vanquished

Notes
Turn   | Place    | Note
-------+----------+-------------------------------------------
     0 | D:1      | FIQ the Demonspawn Fire Elementalist began the quest for
                  | the Orb.
     0 | D:1      | Reached XP level 1. HP: 13/13 MP: 3/3
   392 | D:1      | Gained mutation: You are surrounded by a mild repulsion
                  | field. (EV +2) [demonic ancestry]
   392 | D:1      | Reached XP level 2. HP: 19/19 MP: 0/5
   580 | D:1      | Found a faded altar of an unknown god.
   638 | D:1      | Identified the +6 plate armour of the Cooper {-Tele Slay+3
                  | SInv}
   687 | D:1      | Became a worshipper of Sif Muna the Loreminder
   687 | D:1      | Reached * piety under Sif Muna
  1526 | D:2      | Reached skill level 3 in Fire Magic
  1526 | D:2      | Gained mutation: You have sharp toenails. [demonic
                  | ancestry]
  1526 | D:2      | Reached XP level 3. HP: 24/24 MP: 2/6
  2381 | D:1      | Slain by a gnoll

Illustrated notes

Levels and vault maps discovered:
D:1:      dpeg_arrival_tiny_i, layout_basic, hellmonk_ecumenical_altar_run_dry,
          serial_bayou_pond_a, kennysheep_small_spiral,
          corexii_leaking_fountain, st_stairs_2, minivault_4,
          chequers_mini_garden, minmay_domino_2
D:2:      minmay_angry_zag, layout_basic

Skill      XL: |  1  2 |
---------------+-------+-----
Dodging        | 2 |  2.1
Fire Magic     | 3 |  3.0
Stealth        | |  1.7
Spellcasting   | |  2.3
Conjurations   | |  1.6
Invocations    | |  0.7

Action                   || total
-------------------------++-------
Melee: Unarmed           ||     1
 Cast: Foxfire           ||    59
Dodge: Dodged            ||     7

Table legend: (Time is in decaauts)
 A = Elapsed time spent in this place.
 B = Non-inter-level travel time spent in this place.
 C = Inter-level travel time spent in this place.
 D = Time resting spent in this place.
 E = Time spent auto-exploring this place.
 F = Levels seen in this place.
 G = Mean time per level.
                   A        B        C        D        E       F      G
               +--------+--------+--------+--------+--------+-----+--------+
         Total |   2383 |   2276 |    107 |      0 |   1294 |   2 | 1191.5 |
       Dungeon |   2383 |   2276 |    107 |      0 |   1294 |   2 | 1191.5 |
               +--------+--------+--------+--------+--------+-----+--------+

Top non-repeatable levels by time:
     D:1: 2338 daAuts
     D:2: 44 daAuts
